 Dungeon Crawl Stone Soup version 0.28.0-45-g0d030f2227 (webtiles) character file.

Game seed: 1137617144594473049

3040 Peloso the Carver (level 9, -4/79 HPs)
             Began as a Minotaur Fighter on Apr 23, 2022.
             Was an Initiate of Okawaru.
             Slain by a two-headed ogre
             ... wielding a +0 giant spiked club
              (6 damage)
             ... while petrified by a basilisk
             ... on level 7 of the Dungeon.
             The game lasted 00:13:04 (8068 turns).

Peloso the Carver (Minotaur Fighter)                Turns: 8068, Time: 00:13:05

Health: -4/79      AC: 16    Str: 22    XL:     9   Next: 56%
Magic:  8/8        EV:  2    Int:  5    God:    Okawaru [......]
Gold:   417        SH:  0    Dex: 13    Spells: 8/8 levels left

rFire   . . .      SeeInvis .   a - +0 long sword
rCold   . . .      Faith    .   c - +0 buckler
rNeg    + + +      Spirit   .   E - +0 plate armour
rPois   ∞          Reflect  .   (helmet restricted)
rElec   .          Harm     .   j - +0 cloak
rCorr   .          Rampage  .   B - +0 pair of gloves
Will    .....                   (no boots)
Stlth   ..........              (no amulet)
HPRegen 0.23/turn               (no ring)
MPRegen 0.11/turn               (no ring)

@: petrified
A: horns 2, retaliatory headbutt
a: Renounce Religion


You were on level 7 of the Dungeon.
You worshipped Okawaru.
Okawaru was noncommittal.
You visited 2 branches of the dungeon, and saw 8 of its levels.

You collected 417 gold pieces.

Inventory:

Hand Weapons
 a - a +0 long sword (weapon)
Armour
 b - a +0 scale mail
 c - a +0 buckler (worn)
 j - a +0 cloak (worn)
 n - a +0 chain mail
 B - a +0 pair of gloves (worn)
 E - a +0 plate armour (worn)
Jewellery
 l - a ring of poison resistance
 s - a ring of resist corrosion
 t - an amulet of the acrobat
 v - an amulet of regeneration
 C - a ring of magical power
Wands
 k - a wand of polymorph (22)
 o - a wand of acid (5)
 q - a wand of paralysis (4)
 u - a wand of mindburst (5)
 w - a wand of flame (17)
Scrolls
 g - 3 scrolls of magic mapping
 p - 5 scrolls of teleportation
 x - 2 scrolls of silence
 y - a scroll of immolation
 z - a scroll of identify
 A - a scroll of noise
 D - a scroll of enchant weapon {unknown}
 F - a scroll of blinking {unknown}
Potions
 d - 3 potions of might
 e - a potion of berserk rage
 f - a potion of brilliance
 h - 3 potions of magic
 i - 4 potions of heal wounds
 m - a potion of cancellation
 r - 4 potions of curing
 G - a potion of haste {unknown}


   Skills:
 + Level 7.3 Fighting
 + Level 10.4 Long Blades
 + Level 9.0 Armour
 + Level 2.5 Dodging
 + Level 0.2 Stealth
 + Level 6.6 Shields
 + Level 0.9 Unarmed Combat
 + Level 1.1 Evocations


You had 8 spell levels left.
You didn't know any spells.
Your spell library contained the following spells:

 Spells                   Type           Power      Damage    Failure   Level
 Beastly Appendage        Tmut           0%         N/A       100%        1
 Pain                     Necr           0%         1d4       100%        1
 Wereblood                Tmut           0%         N/A       100%        2
 Conjure Flame            Conj/Fire      0%         6-21      100%        3
 Ignite Poison            Fire/Tmut/Pois 0%         N/A       100%        3
 Spider Form              Tmut/Pois      0%         N/A       100%        3
 Vampiric Draining        Necr           0%         2d6       100%        3
 Sticky Flame             Conj/Fire      0%         2d3       100%        4
 Animate Skeleton         Necr           Unusable   N/A       N/A         1

Dungeon Overview and Level Annotations

Branches:
Dungeon (7/15)             Temple (1/1) D:7

Altars:
Ashenzari
Dithmenos
Fedhas
Gozag
Hepliaklqana
Kikubaaqudgha
Makhleb
Nemelex Xobeh
Okawaru
Ru
Trog
Uskayaw
Xom
The Shining One

Shops:
D:1 (   D:3 =


Innate Abilities, Weirdness & Mutations

You have a pair of horns on your head.
You reflexively headbutt those who attack you in melee.


Message History

You hit the two-headed ogre. You headbutt the two-headed ogre.
The two-headed ogre is lightly wounded.
The two-headed ogre hits you with a +0 giant spiked club!
The two-headed ogre hits you but does no damage.
The basilisk gazes at you.
You are slowing down.
You slash the two-headed ogre!
The two-headed ogre is heavily wounded.
The two-headed ogre hits you with a +0 giant spiked club!
The two-headed ogre completely misses you.
Your limbs are stiffening.
Unknown command.
You barely miss the two-headed ogre.
Your headbutt misses the two-headed ogre.
The two-headed ogre is moderately wounded.
The two-headed ogre hits you with a +0 giant spiked club!!
The two-headed ogre hits you but does no damage.
A steam dragon comes into view.
You have turned to stone.
The steam dragon hisses angrily.
The two-headed ogre hits you with a +0 giant spiked club!
The two-headed ogre hits you with a +0 giant club!!
The two-headed ogre hits you with a +0 giant spiked club.
The two-headed ogre hits you with a +0 giant club!
The basilisk bites you.
The two-headed ogre hits you with a +0 giant spiked club!!
* * * LOW HITPOINT WARNING * * *
The two-headed ogre hits you with a +0 giant club.
* * * LOW HITPOINT WARNING * * *
The basilisk gazes at you.
The two-headed ogre hits you with a +0 giant spiked club!
* * * LOW HITPOINT WARNING * * *
The two-headed ogre hits you with a +0 giant club!
* * * LOW HITPOINT WARNING * * *
The basilisk gazes at you. You resist with some effort.
The two-headed ogre hits you with a +0 giant spiked club!
* * * LOW HITPOINT WARNING * * *
The two-headed ogre hits you with a +0 giant club!
You die...

....#
.....................#
....###
'##'#.................##
.......
......................#.
.......
.........#......##....#.
.......
........#.##'####....##
...c...
#......................
.....#
.#.##.D#.#.........#.###
.......
......l#.............# #
.#...#.
#..@#......######### #.
.#..
#..O.+......####....)
:.o [..
#...#.#..............#
#... ..
...#..#.................
... . #...#
#................. ....
.... ##'..........÷....
..# ..#.................
.. #.....##...##........
.#....##...##........


You could see a two-headed ogre, a basilisk and a steam dragon.

Vanquished Creatures
  A two-headed ogre (D:7)
  A troll (D:7)
  A wyvern (D:6)
  Menkaure (D:5)
  Edmund (D:5)
  2 water moccasins (D:7)
  A sky beast (D:5)
  2 ogres
  Blork the orc (D:4)
  2 bullfrogs
  3 scorpions
  A water moccasin zombie (D:5)
  A wyvern skeleton (D:5)
  2 vampire bats (D:4)
  A howler monkey (D:7)
  2 centaur zombies
  2 hounds
  A jelly (D:7)
  An orc priest (D:7)
  2 centaur skeletons (D:4)
  Jessica (D:2)
  5 iguanas
  2 orc wizards
  Terence (D:3)
  A hound skeleton (D:4)
  Robin (D:2)
  3 gnolls
  2 howler monkey zombies
  7 adders
  A howler monkey skeleton (D:4)
  A shadow imp (D:7)
  2 white imps
  2 ufetubi (D:4)
  An adder skeleton (D:4)
  A worm (D:3)
  6 dart slugs
  17 orcs
  6 bats
  3 bat skeletons (D:4)
  2 bat zombies (D:4)
  6 endoplasms
  20 goblins
  12 hobgoblins
  5 jackals
  2 quokkas (D:1)
  4 ball pythons
  A frilled lizard (D:1)
  5 kobolds
  6 rats
155 creatures vanquished.

Notes
Turn   | Place    | Note
-------+----------+-------------------------------------------
     0 | D:1      | Peloso the Minotaur Fighter began the quest for the Orb.
     0 | D:1      | Reached XP level 1. HP: 19/19 MP: 0/0
   419 | D:1      | Reached XP level 2. HP: 27/27 MP: 1/1
   523 | D:1      | Found Buuch's Antique Weapon Shoppe.
   745 | D:1      | Reached XP level 3. HP: 33/33 MP: 2/2
  1038 | D:2      | Noticed Jessica
  1334 | D:2      | Killed Jessica
  1335 | D:2      | Reached skill level 3 in Long Blades
  1335 | D:2      | Reached XP level 4. HP: 40/40 MP: 3/3
  1543 | D:2      | Noticed Robin
  1706 | D:2      | Killed Robin
  2027 | D:3      | Found a faded altar of an unknown god.
  2034 | D:3      | Noticed Terence
  2039 | D:3      | Killed Terence
  2040 | D:3      | Reached skill level 5 in Armour
  2207 | D:3      | Reached XP level 5. HP: 47/47 MP: 4/4
  2244 | D:3      | Found Vafauti's Jewellery Shop.
  2281 | D:3      | Found a glowing golden altar of the Shining One.
  2315 | D:3      | Noticed an ogre
  2333 | D:3      | HP: 2/47 [ogre/+0 giant club (21)]
  2334 | D:3      | Killed an ogre
  2335 | D:3      | Reached skill level 4 in Long Blades
  3000 | D:4      | Reached XP level 6. HP: 45/53 MP: 5/5
  3384 | D:4      | Reached skill level 5 in Fighting
  3499 | D:4      | Noticed Blork the orc
  3510 | D:4      | Killed Blork the orc
  3511 | D:4      | Reached skill level 5 in Long Blades
  3511 | D:4      | Reached skill level 1 in Dodging
  3785 | D:4      | Found a shadowy altar of Dithmenos.
  3936 | D:4      | Reached XP level 7. HP: 60/61 MP: 6/6
  4054 | D:4      | Found an ancient bone altar of Kikubaaqudgha.
  4165 | D:4      | Found a sacrificial altar of Ru.
  4205 | D:4      | Found a hide-covered altar of Uskayaw.
  4425 | D:5      | Entered Level 5 of the Dungeon
  4643 | D:5      | Noticed Edmund
  4669 | D:5      | Killed Edmund
  4670 | D:5      | Reached skill level 6 in Long Blades
  5102 | D:5      | Noticed Menkaure
  5107 | D:5      | Killed Menkaure
  5108 | D:5      | Reached skill level 7 in Long Blades
  5108 | D:5      | Reached skill level 5 in Shields
  5108 | D:5      | Reached XP level 8. HP: 45/70 MP: 7/7
  5319 | D:5      | Found a broken altar of Ashenzari.
  6006 | D:6      | Reached skill level 8 in Long Blades
  6677 | D:6      | Identified the +3 leather armour of the Amoeba {+Inv rC-
                  | Dex+7 Stlth-}
  6911 | D:6      | Found a blossoming altar of Fedhas.
  7041 | D:7      | Noticed a two-headed ogre
  7045 | D:7      | Killed a two-headed ogre
  7046 | D:7      | Reached skill level 9 in Long Blades
  7046 | D:7      | Reached XP level 9. HP: 78/78 MP: 8/8
  7322 | D:7      | Found a hazy altar of Hepliaklqana.
  7375 | D:7      | Noticed a troll
  7384 | D:7      | Killed a troll
  7389 | D:7      | Reached skill level 1 in Evocations
  7720 | D:7      | Reached skill level 10 in Long Blades
  7802 | D:7      | Found a staircase to the Ecumenical Temple.
  7815 | Temple   | Entered the Ecumenical Temple
  7917 | Temple   | Became a worshipper of Warmaster Okawaru
  8055 | D:7      | Noticed a two-headed ogre
  8068 | D:7      | HP: 2/79 [two-headed ogre/+0 giant spiked club (4)]
  8068 | D:7      | Slain by a two-headed ogre

Illustrated notes

Levels and vault maps discovered:
D:1:      heliophobic_arrival_enchanted_forest, layout_basic, serial_glass,
          glass_columns_a, glass_columns_c, serial_shops,
          nicolae_shop_hallway_stairs, hangedman_decor_growths, st_stairs_9
D:2:      layout_rooms, nrook_loot_triangle, uniq_jessica, uniq_robin
D:3:      layout_rooms, amcnicky_altar_gilded, serial_shops, shop,
          nicolae_ecumenical_pavilion, minmay_ogre_servants, uniq_terence
D:4:      layout_rooms, kennysheep_vampire_church, grunt_dithmenos_smoke,
          lemuel_coloured_pillars_altar, old_standard_altar, uniq_blork_the_orc
D:5:      layout_basic, nicolae_ashenzari_panopticon, uniq_edmund, uniq_menkaure
D:6:      layout_basic, fedhas_altar_fruit_tree
D:7:      cheibrodos_fzero, layout_basic, mainiacjoe_overflow_paths,
          minmay_temple_entry_stoned_glass
Temple:   hc_temple_tempest_star

Skill      XL: |  1  2  3  4  5  6  7  8  9 |
---------------+----------------------------+-----
Armour         | 4 5 6 7 8 9 |  9.0
Fighting       | 4 5 6 7 |  7.3
Shields        | 4 5 6 |  6.6
Long Blades    | 3 4 5 7 9 10 | 10.4
Dodging        | 1 2 |  2.5
Evocations     | 1 |  1.1
Stealth        | |  0.2
Unarmed Combat | |  0.9

Action                   |  1- 3 |  4- 6 |  7- 9 || total
-------------------------+-------+-------+-------++-------
Melee: Long sword        |    43 |   181 |   208 ||   432
       Headbutt          |     7 |    32 |    35 ||    74
       Unarmed           |       |     5 |    22 ||    27
Evoke: Wand              |       |       |     5 ||     5
  Use: Potion            |     3 |       |       ||     3
       Scroll            |       |     4 |     8 ||    12
Armor: Scale mail        |    21 |    51 |       ||    72
       Chain mail        |       |    99 |   120 ||   219
       Skin              |       |       |     1 ||     1
       Plate armour      |       |       |    36 ||    36
Dodge: Dodged            |    26 |    94 |    98 ||   218
Block: Buckler           |    10 |    57 |    63 ||   130
